 Dungeon Crawl Stone Soup version 0.24-a0-447-ge8da9206dc (webtiles) character file.

Game seed: 9450641827745637325

23 KristoblXynda the Ducker (level 2, 0/16 HPs)
             Began as a Spriggan Berserker on June 25, 2019.
             Was a Follower of Trog.
             Succumbed to a goblin's poison
             ... on level 2 of the Dungeon.
             The game lasted 00:01:19 (884 turns).

KristoblXynda the Ducker (Spriggan Berserker)        Turns: 884, Time: 00:01:20

Health: 0/16       AC:  2    Str: 13    XL:     2   Next: 72%
Magic:  3/3        EV: 20    Int:  8    God:    Trog [*.....]
Gold:   46         SH:  0    Dex: 15    Spells: 1/1 levels left

rFire    . . .     SeeInvis +   f - +2 dagger (drain)
rCold    . . .     Gourm    .   (shield restricted)
rNeg     . . .     Faith    .   b - +0 animal skin
rPois    .         Spirit   .   (helmet restricted)
rElec    .         Reflect  .   (no cloak)
rCorr    +         Harm     .   (gloves unavailable)
MR       .....                  (boots unavailable)
Stlth    ++........             (no amulet)
HPRegen  0.05/turn              a - ring of resist corrosion
MPRegen  0.08/turn              (no ring)

@: lethally poisoned (0 -> -20), very quick
A: very small, unfitting armour, see invisible, herbivore, speed 3, slow
metabolism 2
a: Berserk, Renounce Religion


You were on level 2 of the Dungeon.
You worshipped Trog.
Trog was aware of your devotion.
You were not hungry.

You visited 1 branch of the dungeon, and saw 2 of its levels.

You collected 46 gold pieces.

Inventory:

Hand Weapons
 f - a +2 dagger of draining (weapon)
 i - a +0 hunting sling
 k - a +4 dagger of venom
Armour
 b - a +0 animal skin (worn)
Jewellery
 a - a ring of resist corrosion (left hand)
Scrolls
 d - 3 scrolls of random uselessness {unknown}
 e - 3 scrolls of magic mapping {unknown}
 g - a scroll of remove curse {unknown}
 h - a scroll of immolation {unknown}
 j - a scroll of identify {unknown}
Comestibles
 c - 5 rations


   Skills:
 + Level 2.6 Fighting
 + Level 3.6 Short Blades
 + Level 4.8 Dodging
 + Level 1.8 Stealth


You had one spell level left.
You didn't know any spells.
Your spell library was empty.

Dungeon Overview and Level Annotations

Branches:
Dungeon (2/15)

Altars:


Innate Abilities, Weirdness & Mutations

You are very small and have problems with some larger weapons.
You are too small for most types of armour.
You have supernaturally acute eyesight. (SInv)
You are a herbivore.
You cover ground extremely quickly.
You need to consume almost no food.


Message History

You feel sick.
Found a scroll labeled UCHIDW XOAKU.
You closely miss the goblin.
You feel sick.
The adder hisses angrily.
The goblin hits you with a +4 dagger of venom.
You are more poisoned.
You hit the goblin.
You kill the goblin!
Trog accepts your kill.
* * * LOW HITPOINT WARNING * * *
You feel sick.
* * * LOW HITPOINT WARNING * * *
You feel sick.
You see here a +4 dagger of venom.
You aren't carrying any potions.
Unknown command.
k - a +4 dagger of venom
* * * LOW HITPOINT WARNING * * *
You feel sick.
You die...

######### #
#.......#
##.########.###.###
..............#.#
####.#...@.....#.#
.........###...#.#
####.....# #...#.#
...<.....# #%..#.#
........S# #...#.#
.......... ....#.#
........########.###
....#....#.........#
#........#.#########


You could see an adder.

Vanquished Creatures
  A worm (D:2)
  2 goblins
  3 hobgoblins (D:1)
  A jackal (D:1)
  4 bats (D:1)
  2 frilled lizards (D:1)
  3 kobolds (D:1)
  4 rats (D:1)
20 creatures vanquished.

Notes
Turn   | Place    | Note
-------+----------+-------------------------------------------
     0 | D:1      | KristoblXynda the Spriggan Berserker began the quest for
                  | the Orb.
     0 | D:1      | Reached XP level 1. HP: 11/11 MP: 2/2
   239 | D:1      | Reached skill level 1 in Stealth
   281 | D:1      | Reached XP level 2. HP: 16/16 MP: 3/3
   884 | D:2      | Succumbed to a goblin's poison

Levels and vault maps discovered:
D:1:      beargit_arrival_greenhouse, layout_loops_ring, minmay_cut_off
D:2:      layout_basic, fiery_altar_vehumet, nicolae_overflow_hidden_temple,
          kennysheep_donut

Skill      XL: |  1 |
---------------+----+-----
Stealth        | 1 |  1.8
Fighting       | |  2.6
Short Blades   | |  3.6
Dodging        | |  4.8

Action                   || total
-------------------------++-------
Melee: Short sword       ||    33
       Dagger            ||    23
 Stab: Sleeping          ||     2
Armor: Animal skin       ||     6
Dodge: Dodged            ||    48

Table legend:
 A = Non-vault XP
 B = Vault XP
 C = Vault XP percentage of total XP
 D = Non-vault monster count
 E = Vault monster count
 F = Vault count percentage of total count
                 A         B        C        D         E       F
            +---------+---------+-------+---------+---------+-------
      Total |      28 |       5 |  15.2 |      17 |       3 |  15.0
            +---------+---------+-------+---------+---------+-------
        D:1 |      21 |       5 |  19.2 |      15 |       3 |  16.7
        D:2 |       7 |       0 |   0.0 |       2 |       0 |   0.0
            +---------+---------+-------+---------+---------+-------
